 Dungeon Crawl Stone Soup version 0.15.2 (webtiles) character file.

45 MordorOrchid the Sneak (level 3, -1/18 HPs)
             Began as a Spriggan Enchanter on Dec 18, 2020.
             Was an Initiate of Okawaru.
             Slain by a gnoll
             ... wielding a +0 whip
              (7 damage)
             ... on Level 1 of the Dungeon.
             The game lasted 00:07:09 (929 turns).

MordorOrchid the Sneak (Spriggan Enchanter)          Turns: 929, Time: 00:07:09

HP  -1/18        AC  3     Str  4      XL: 3   Next: 42%
MP   0/9         EV 18     Int 17      God: Okawaru [......]
Gold 80          SH  0     Dex 16      Spells:  3 memorised,  1 level left

rFire  . . .     SeeInvis +     a - +1 dagger
rCold  . . .     Clarity  .     b - +1 robe
rNeg   . . .     rCorr    .     (shield restricted)
rPois  .         rRot     .     (helmet restricted)
rElec  .         Spirit   .     (no cloak)
SustAb .         Warding  .     (gloves unavailable)
rMut   .         Stasis   .     (boots unavailable)
Gourm  .                        (no amulet)
MR     .....                    (no ring)
                                (no ring)

@: very quick, not resistant to hostile enchantments, fairly stealthy
A: unfitting armour, see invisible, herbivore 3, speed 3, slow metabolism 2
a: Renounce Religion


You were on level 1 of the Dungeon.
You worshipped Okawaru.
Okawaru was noncommittal.
You were not hungry.

You visited 1 branch of the dungeon, and saw 2 of its levels.

You collected 80 gold pieces.

Inventory:

Hand weapons
 a - a +1 dagger (weapon)
Missiles
 e - 9 stones (quivered)
 g - 31 poisoned needles
 m - 26 bolts
Armour
 b - a +1 robe (worn)
Comestibles
 f - 2 bread rations
Scrolls
 h - a scroll of enchant armour {unknown}
 i - a scroll of fog {unknown}
 n - a scroll of remove curse {unknown}
Potions
 d - a potion of porridge
 j - a potion of magic {unknown}
 k - a potion of might
 l - a potion of cure mutation
Books
 c - a book of Maledictions

   Spells                             Type                      Level
   *Corona                            Hexes                        1
   Sure Blade                         Hexes/Charms                 2
   *Ensorcelled Hibernation           Hexes/Ice                    2
   *Confuse                           Hexes                        3
   Dazzling Spray                     Conjuration/Hexes            3
   Enslavement                        Hexes                        4


   Skills:
 * Level 1.2 Fighting
 * Level 2.0 Short Blades
 - Level 3.0 Dodging
 + Level 5.1 Stealth
 + Level 2.9 Spellcasting
 + Level 3.9 Hexes


You had one spell level left.
You knew the following spells:

 Your Spells              Type           Power        Failure   Level  Hunger
a - Corona                Hex            ###....      3%          1    None
b - Ensorcelled Hibernat  Hex/Ice        #.....       14%         2    ##.....
c - Confuse               Hex            ###.....     12%         3    ###....


Dungeon Overview and Level Annotations

Branches:
Dungeon (2/15)

Altars:
Okawaru


Innate Abilities, Weirdness & Mutations

You are tiny and cannot use many weapons and most armour.
You have supernaturally acute eyesight.
You are a herbivore.
You cover ground extremely quickly.
You need consume almost no food.


Message History

Confirm with . or Enter, or press ? or * to list all spells.
Aiming: Ensorcelled Hibernation
Press: ? - help, Shift-Dir - straight line, f/p - gnoll
Aim: a gnoll, wielding a whip The gnoll resists.
The gnoll hits you but does no damage.
You climb upwards.
There is a stone staircase leading down here.
You see here a runed flail.
Casting: Ensorcelled Hibernation
Confirm with . or Enter, or press ? or * to list all spells.
Aiming: Corona
Press: ? - help, Shift-Dir - straight line, f - gnoll
Aim: a gnoll, wielding a whip The gnoll struggles to resist.
You hit the gnoll but do no damage. The gnoll hits you with a whip.
You hit the gnoll.
The gnoll is moderately wounded.
The gnoll hits you with a whip!
You die...

##.####.....# #.##.............
#.............#%##.####........
##.##########.#.##.####....%...
#.# #.. .#.##............. #.#
#.# #.# #####........ #.#
####.#####.# #........ #.#
#..........# #........ #.#
#.##.#############...##### #.#
#...>.).g@................
##.###############........#####
#..........# #...........#
#######....# #........##.#
#....#############..#....
#....#........# #..#..##
#....#....%...# #..#..#
#....#...)....# #..#..♣♣
####.#......%.# #..#....


You could see a gnoll.

Vanquished Creatures
  A gnoll (D:1)
  An adder (D:2)
  An ooze (D:1)
  A giant cockroach (D:1)
  4 hobgoblins
  4 kobolds
  5 bats
  A giant newt (D:1)
  4 goblins
  3 rats
25 creatures vanquished.

Notes
Turn   | Place    | Note
--------------------------------------------------------------
     0 | D:1      | MordorOrchid, the Spriggan Enchanter, began the quest for the Orb.
     0 | D:1      | Reached XP level 1. HP: 9/9 MP: 4/4
   243 | D:1      | Reached XP level 2. HP: 12/14 MP: 7/7
   248 | D:1      | Learned a level 2 spell: Ensorcelled Hibernation
   305 | D:1      | Reached skill level 1 in Fighting
   666 | D:2      | Reached XP level 3. HP: 18/18 MP: 7/9
   677 | D:2      | Learned a level 3 spell: Confuse
   706 | D:2      | Reached skill level 5 in Stealth
   769 | D:2      | Found an iron altar of Okawaru.
   777 | D:2      | Became a worshipper of Warmaster Okawaru
   929 | D:1      | Slain by a gnoll

Action                   || total
-------------------------++-------
Melee: Dagger            ||    65
 Cast: Corona            ||    19
       Ensorcelled Hiber ||     6
       Confuse           ||     1
  Use: Scroll            ||     2
 Stab: Sleeping          ||     8
       Distracted        ||     1
